AoeStats
← El oso rulo

Arabia

507408137Analyzed
2v2 RM · 15d ago on Sep 18, 2026· 33m 53s· 4 players
Game mode
Random Map
Map size
Medium (4 player)
Population
200
Speed
Normal
Resources
Standard
Victory
Conquest
Starting age
Dark Age
Ending age
Imperial Age
RankedLock teamsTeams togetherTeam positionsShared explorationLock speedFull tech treeHidden civsTurbo modeCheats
Victory
Defeat
🇨🇴 Persians · Colombia
1180
+13
🇵🇪 Magyars · Peru
1082
+17
🇦🇷 Tatars · Argentina
1114
-15
🇦🇷 Franks · Argentina
1111
-15
cfbarragan
6:20 Loom
9:05 Feudal Age
9:39 Double-Bit Axe
9:58 Horse Collar
12:54 Town Watch
16:33 Forging
21:14 Wheelbarrow
25:06 Castle Age
24:02 Bloodlines
24:19 Gold Mining
25:37 Fletching
28:11 Bow Saw
31:31 Bodkin Arrow
32:48 Ballistics
El oso rulo
7:18 Loom
9:24 Feudal Age
10:36 Town Watch
11:01 Double-Bit Axe
11:12 Town Watch
11:42 Town Watch
12:07 Town Watch
12:52 Town Watch
18:16 Forging
22:21 Castle Age
21:10 Scale Barding Armor
20:55 Fletching
21:44 Gold Mining
22:27 Light Cavalry
23:12 Husbandry
25:41 Wheelbarrow
26:27 Town Patrol
28:16 Bow Saw
29:55 Iron Casting
29:41 Chain Barding Armor
31:09 Hand Cart
Tinyhos
10:52 Feudal Age
10:50 Loom
15:18 Bloodlines
22:46 Castle Age
20:51 Double-Bit Axe
21:03 Horse Collar
22:39 Gold Mining
25:21 Pikeman
27:51 Gold Shaft Mining
30:08 Wheelbarrow
29:21 Town Watch
29:30 Stone Mining
30:47 Bow Saw
30:51 Scale Barding Armor
31:28 Husbandry
32:49 Heavy Plow
CORP_HawK67
5:03 Loom
9:43 Feudal Age
10:55 Double-Bit Axe
17:32 Wheelbarrow
16:52 Horse Collar
22:14 Castle Age
21:02 Gold Mining
21:24 Forging
21:20 Scale Barding Armor
21:51 Bloodlines
23:42 Stone Mining
24:30 Gold Shaft Mining
25:06 Husbandry
29:40 Chain Barding Armor
29:56 Iron Casting
Connection lost

Rejoining the realm…

Still unreachable

The connection could not be restored.

Session expired

The server has moved on; the page needs a fresh start.